 Dungeon Crawl Stone Soup version 0.18.1-48-g4cf74bf (webtiles) character file.

102 HEYYEYAAE the Chiller (level 4, 0/34 HPs)
             Began as a Draconian Ice Elementalist on Sept 4, 2016.
             Slain by a scorpion (5 damage)
             ... on level 3 of the Dungeon.
             The game lasted 00:01:50 (1579 turns).

HEYYEYAAE the Chiller (Draconian Ice Elementalist)  Turns: 1579, Time: 00:01:50

Health: 0/34       AC:  6    Str: 10    XL:     4   Next: 49%
Magic:  1/8        EV: 12    Int: 16    God:
Gold:   90         SH:  0    Dex: 12    Spells: 1 memorised, 8 levels left

rFire  . . .     SeeInvis .     i - +0 halberd
rCold  . . .     Gourm    .     (armour unavailable)
rNeg   . . .     Faith    .     (shield currently unavailable)
rPois  .         Spirit   .     (helmet restricted)
rElec  .         Dismiss  .     (no cloak)
rCorr  .         Reflect  .     g - +0 pair of gloves
SustAt .         Harm     .     (no boots)
MR     .....                    f - amulet of rage
Stlth  ++........               (no ring)
                                (no ring)

@: not resistant to hostile enchantments, unstealthy
A: unfitting armour, cold-blooded, AC +5
a: Evoke Berserk Rage


You were on level 3 of the Dungeon.
You were not hungry.

You visited 1 branch of the dungeon, and saw 4 of its levels.

You collected 90 gold pieces.

Inventory:

Hand Weapons
 i - a +0 halberd (weapon)
Armour
 g - a +0 pair of gloves (worn)
 n - a +0 buckler
Jewellery
 f - an amulet of rage (around neck)
 j - an uncursed ring of wizardry {unknown}
Scrolls
 d - a scroll of remove curse {unknown}
 e - a scroll of enchant armour {unknown}
 h - 2 scrolls of teleportation
 k - a scroll of identify {unknown}
Potions
 l - a potion of lignification {unknown}
 m - a potion of agility {unknown}
Books
 a - a book of Frost

   Spells                             Type                      Level
   a - Freeze                         Ice                          1
   b - Throw Frost                    Conjuration/Ice              2
   c - Ozocubu's Armour               Charms/Ice                   3
   d - Throw Icicle                   Conjuration/Ice              4
   e - Summon Ice Beast               Ice/Summoning                4
Comestibles
 b - a bread ration
 c - a meat ration


   Skills:
 + Level 0.9 Fighting
 + Level 0.6 Polearms
 + Level 2.1 Dodging
 - Level 1.7 Stealth
 + Level 0.6 Shields
 * Level 3.1 Spellcasting
   Level 1.0 Conjurations
 * Level 3.7 Ice Magic
 + Level 1.0 Evocations


You had 8 spell levels left.
You knew the following spells:

 Your Spells              Type           Power        Failure   Level  Hunger
a - Freeze                Ice            ##..         6%          1    None


Dungeon Overview and Level Annotations

Branches:
Dungeon (4/15)
 Temple: D:4-7

Altars:
Sif Muna

Annotations:
D:4 Eustachio


Innate Abilities, Weirdness & Mutations

Your plain brown scales are hard (AC +5).
Your body does not fit into most forms of armour.
You are cold-blooded and may be slowed by cold attacks.


Message History

Your Evocations skill increases to level 1!
The scorpion closely misses you.
Casting: Freeze
Confirm with . or Enter, or press ? or * to list all spells.
Aiming: Freeze
Press: ? - help, Shift-Dir - straight line, f - scorpion
Aim: a scorpion You freeze the scorpion.
The scorpion is lightly wounded.
The scorpion stings you.
* * * LOW HITPOINT WARNING * * *
Casting: Freeze
Confirm with . or Enter, or press ? or * to list all spells.
Aiming: Freeze
Press: ? - help, Shift-Dir - straight line, f/p - scorpion
Aim: a scorpion (lightly wounded)
You freeze the scorpion.
The scorpion is moderately wounded.
The scorpion stings you.
You die...

... # #.. .
##.## .#
...##.#
......#
#...#.#.#
##......(#
#.@....#
........s...#
...##.....###
. ##...##
....# ##.###
#. #.


You could see a scorpion.

Vanquished Creatures
  An iguana (D:3)
  A worker ant (D:4)
  A worker ant zombie (D:4)
  A gnoll (D:1)
  An adder (D:4)
  3 bats (D:1)
  3 giant cockroaches
  2 goblins
  5 hobgoblins (D:1)
  A quokka (D:4)
  A ball python (D:1)
  2 giant newts (D:1)
  A quokka skeleton (D:4)
  A rat (D:1)
24 creatures vanquished.

Notes
Turn   | Place    | Note
--------------------------------------------------------------
     0 | D:1      | HEYYEYAAE the Draconian Ice Elementalist began the quest for the Orb.
     0 | D:1      | Reached XP level 1. HP: 14/14 MP: 3/3
   307 | D:1      | Reached XP level 2. HP: 6/20 MP: 0/5
   545 | D:1      | HP: 1/20 [gnoll/halberd (12)]
  1053 | D:1      | Reached XP level 3. HP: 26/27 MP: 7/7
  1268 | D:2      | You fall through a shaft for 2 floors!
  1270 | D:4      | Found a deep blue altar of Sif Muna.
  1476 | D:4      | Noticed Eustachio
  1496 | D:4      | Reached XP level 4. HP: 27/34 MP: 8/8
  1561 | D:4      | Noticed an ogre
  1577 | D:3      | Reached skill level 1 in Evocations
  1579 | D:3      | Slain by a scorpion

Skill      XL: |  1  2  3  4 |
---------------+-------------+-----
Dodging        | 2 |  2.1
Spellcasting   | 3 |  3.1
Evocations     | 1 |  1.0
Fighting       | |  0.9
Polearms       | |  0.6
Stealth        | |  1.7
Shields        | |  0.6
Conjurations   | |  1.0
Ice Magic      | |  3.7

Action                   |  1- 3 |  4- 6 || total
-------------------------+-------+-------++-------
Melee: Unarmed           |    39 |       ||    39
       Tailslap          |     8 |       ||     8
       Halberd           |    52 |     1 ||    53
 Cast: Freeze            |    19 |     7 ||    26
  Use: Scroll            |     1 |       ||     1
 Stab: Sleeping          |     3 |       ||     3
  Eat: Chunk             |     2 |       ||     2
Armor: Skin              |    26 |     2 ||    28
Dodge: Dodged            |    76 |     2 ||    78
